 Dungeon Crawl Stone Soup version 0.23-a0-290-g290e36d (webtiles) character file.

63 Mgcat the Chiller (level 4, -2/24 HPs)
             Began as a Gargoyle Ice Elementalist on Oct 3, 2018.
             Killed from afar by Sigmund (11 damage)
             ... with a puff of flame
             ... on level 2 of the Dungeon.
             The game lasted 00:07:41 (1686 turns).

Mgcat the Chiller (Gargoyle Ice Elementalist)       Turns: 1686, Time: 00:07:42

Health: -2/24      AC:  6    Str: 11    XL:     4   Next: 9%
Magic:  4/8        EV: 11    Int: 17    God:
Gold:   62         SH:  3    Dex: 14    Spells: 1/8 levels left

rFire    . . .     SeeInvis .   d - +0 club
rCold    . . .     Gourm    .   b - +0 buckler
rNeg     + . .     Faith    .   a - +0 robe
rPois    ∞         Spirit   .   (no helmet)
rElec    +         Reflect  .   h - scarf {cloud immunity}
rCorr    .         Harm     .   l - +0 pair of gloves
MR       .....                  (no boots)
Stlth    ++........             (no amulet)
HPRegen  0.08/turn              (no ring)
MPRegen  0.11/turn              (no ring)

@: no status effects
A: agile 2, blurry vision 1, negative energy resistance 1, electricity
resistance, unbreathing, petrification resistance, rot immunity, AC +3
a: no special abilities


You were on level 2 of the Dungeon.
You were not hungry.

You visited 1 branch of the dungeon, and saw 2 of its levels.

You collected 62 gold pieces.

Inventory:

Hand Weapons
 d - a +0 club (weapon)
   (You took it off a kobold on level 1 of the Dungeon)
Missiles
 i - 103 stones (quivered)
Armour
 a - a +0 robe (worn)
 b - a +0 buckler (worn)
   (You found it on level 1 of the Dungeon)
 h - a scarf of cloud immunity (worn)
   (You found it on level 1 of the Dungeon)
 l - a +0 pair of gloves (worn)
   (You found it on level 2 of the Dungeon)
Scrolls
 e - 5 scrolls of teleportation {unknown}
 f - 2 scrolls of remove curse {unknown}
 g - 2 scrolls of identify {unknown}
 j - a scroll of noise {unknown}
Comestibles
 c - 3 rations
 m - a chunk of flesh {@w0}


   Skills:
 - Level 1.5 Dodging
 - Level 2.1 Stealth
 + Level 2.9 Spellcasting
 + Level 2.1 Conjurations
 + Level 3.8 Ice Magic


You had one spell level left.
You knew the following spells:

 Your Spells              Type           Power        Failure   Level  Hunger
a - Freeze                Ice            ###.         6%          1    #......
b - Throw Frost           Conj/Ice       ##....       13%         2    ##.....
c - Throw Icicle          Conj/Ice       ##......     65%         4    #####..

Your spell library contained the following spells:

 Spells                   Type           Power        Failure   Level  Hunger
 Ozocubu's Armour         Chrm/Ice       #.......     38%         3    ###....
 Summon Ice Beast         Ice/Summ       #.......     80%         4    #####..


Dungeon Overview and Level Annotations

Branches:
Dungeon (2/15)

Altars:

Annotations:
D:2 Sigmund


Innate Abilities, Weirdness & Mutations

You are resistant to torment.
Your stone body is resilient. (AC +3)
You are immune to poison.
You resist negative energy. (rN+)
You are resistant to electric shocks. (rElec)
You can survive without breathing.
You are immune to petrification.
You are immune to rotting.
You are very agile. (Dex +4)
Scrolls take you a little longer to read.


Message History

You have reached level 4!
You feel clever.
This spell is very dangerous to cast!
Memorise Throw Icicle, consuming 4 spell levels and leaving 1?
You start memorising the spell.
You continue memorising. x4
You finish memorising.
Spell assigned to 'c'.
You butcher the adder corpse.
m - a chunk of flesh {@w0} You see here an adder skeleton. x2
A kobold comes into view. It is wielding a whip.
Unknown command.
A kobold is nearby!
The kobold shouts!
You hear a shout!
The kobold throws a stone.
The stone closely misses you.
Found 15 bolts.
Found a stone staircase leading down.
Casting: Freeze (safe; 6% risk of failure)
Confirm with . or Enter, or press ? or * to list all spells.
Aiming: Throw Frost (safe; 13% risk of failure)
Press: ? - help, Shift-Dir - straight line, f - kobold
Aim: a kobold, wielding a whip The puff of frost hits the kobold.
You kill the kobold!
A goblin comes into view. It is wielding a club.
The goblin barely misses you.
Casting: Throw Frost (safe; 13% risk of failure)
Confirm with . or Enter, or press ? or * to list all spells.
Aiming: Freeze (safe; 6% risk of failure)
Press: ? - help, Shift-Dir - straight line, f - goblin
Aim: a goblin, wielding a club You freeze the goblin.
You kill the goblin!
Sigmund shouts!
Items here: ( )) †† a club; a whip; 2 stones; a goblin corpse; a kobold corpse Sigmund is too close now for your liking.
Sigmund barely misses you. Sigmund hits you with a scythe!
Ouch! That really hurt!
It was a potion of mutation.
You feel extremely strange.
Your vision blurs.
You feel agile. x2
Unknown command.
Unknown command.
Unknown command.
Casting: Freeze (safe; 6% risk of failure)
Confirm with . or Enter, or press ? or * to list all spells.
Aiming: Freeze (safe; 6% risk of failure)
Press: ? - help, Shift-Dir - straight line, f - Sigmund
Aim: Sigmund, wielding a scythe and wearing a glowing robe You freeze Sigmund.
Sigmund is moderately wounded.
Sigmund barely misses you.
Casting: Freeze (safe; 6% risk of failure)
Confirm with . or Enter, or press ? or * to list all spells.
Aiming: Freeze (safe; 6% risk of failure)
Press: ? - help, Shift-Dir - straight line, f/p - Sigmund
Aim: Sigmund, wielding a scythe and wearing a glowing robe (moderately wounded)
You freeze Sigmund.
Sigmund is moderately wounded.
Sigmund closely misses you.
Casting: Freeze (safe; 6% risk of failure)
Confirm with . or Enter, or press ? or * to list all spells.
Aiming: Freeze (safe; 6% risk of failure)
Press: ? - help, Shift-Dir - straight line, f/p - Sigmund
Aim: Sigmund, wielding a scythe and wearing a glowing robe (moderately wounded)
You freeze Sigmund.
Sigmund is heavily wounded.
Casting: Freeze (safe; 6% risk of failure)
Confirm with . or Enter, or press ? or * to list all spells.
Aiming: Freeze (safe; 6% risk of failure)
Press: ? - help, Shift-Dir - straight line, f/p - Sigmund
Aim: Sigmund, wielding a scythe and wearing a glowing robe (heavily wounded)
You freeze Sigmund.
Sigmund is almost dead.
Sigmund points at you and mumbles some strange words.
You are confused.
Unknown command.
You're too confused to cast spells.
Unknown command.
Unknown command.
You bump into the rock wall.
Sigmund closely misses you.
Unknown command.
Sigmund gestures at you while chanting. The magic dart hits you!
Unknown command.
Unknown command.
You bump into the rock wall.
Sigmund hits you but does no damage.
Unknown command.
Unknown command.
Unknown command.
Unknown command.
You bump into the rock wall.
Sigmund hits you but does no damage.
A kobold comes into view. It is wielding a dagger.
Unknown command.
Unknown command.
You barely miss Sigmund.
Sigmund is almost dead.
You feel less confused. Sigmund casts a spell at you.
The puff of flame hits you!
You die...

. .@..#......... #
............. #
#...(.......$. # ..
#........$.... ## ...
#).......... .#....
#.>....... g..w...#
##.........
..........#######@..###.##
.[....@##.K.....@.......#
....................?...###
.....................(....#
.......................##.#
.............##........##.#
.......#...#.##........##.#
...........#.############.#
...............#### #.##
#.........##......# #..##


You could see Sigmund and a kobold (wandering).

Vanquished Creatures
  2 adders (D:2)
  2 worms (D:2)
  A leopard gecko (D:1)
  A giant cockroach (D:2)
  6 goblins
  5 hobgoblins
  2 jackals (D:1)
  5 kobolds
  A quokka (D:2)
  A ball python (D:1)
  6 bats
  4 frilled lizards
36 creatures vanquished.

Notes
Turn   | Place    | Note
-------+----------+-------------------------------------------
     0 | D:1      | Mgcat the Gargoyle Ice Elementalist began the quest for the
                  | Orb.
     0 | D:1      | Reached XP level 1. HP: 10/10 MP: 3/3
   270 | D:1      | Reached XP level 2. HP: 15/15 MP: 5/5
   285 | D:1      | Learned a level 2 spell: Throw Frost
   855 | D:2      | Noticed Sigmund
  1141 | D:2      | Reached XP level 3. HP: 16/19 MP: 1/6
  1582 | D:2      | Reached skill level 2 in Conjurations
  1613 | D:2      | Reached XP level 4. HP: 24/24 MP: 3/8
  1619 | D:2      | Learned a level 4 spell: Throw Icicle
  1676 | D:2      | Gained mutation: Scrolls take you a little longer to read.
                  | [potion of mutation]
  1676 | D:2      | Gained mutation: You are agile. (Dex +2) [potion of
                  | mutation]
  1676 | D:2      | Gained mutation: You are very agile. (Dex +4) [potion of
                  | mutation]
  1686 | D:2      | Killed from afar by Sigmund

Vault maps used:
D:1:      wheals_arrival_shading, minmay_unequal
D:2:      corner_web_ring, uniq_sigmund

Skill      XL: |  1  2  3 |
---------------+----------+-----
Conjurations   | 2 |  2.1
Dodging        | |  1.5
Stealth        | |  2.1
Spellcasting   | |  2.9
Ice Magic      | |  3.8

Action                   |  1- 3 |  4- 6 || total
-------------------------+-------+-------++-------
Melee: Club              |    18 |     1 ||    19
Throw: Stone             |    12 |       ||    12
 Cast: Freeze            |    56 |     6 ||    62
       Throw Frost       |     2 |     1 ||     3
  Use: Potion            |       |     1 ||     1
  Eat: Chunk             |     3 |       ||     3
Armor: Robe              |    31 |     2 ||    33
Dodge: Dodged            |    48 |     6 ||    54
Block: Buckler           |    11 |       ||    11

Table legend:
 A = Non-vault XP
 B = Vault XP
 C = Vault XP percentage of total XP
 D = Non-vault monster count
 E = Vault monster count
 F = Vault count percentage of total count
                 A         B        C        D         E       F
            +---------+---------+-------+---------+---------+-------
      Total |      87 |       3 |   3.3 |      34 |       2 |   5.6
            +---------+---------+-------+---------+---------+-------
        D:1 |      25 |       3 |  10.7 |      15 |       2 |  11.8
        D:2 |      62 |       0 |   0.0 |      19 |       0 |   0.0
            +---------+---------+-------+---------+---------+-------

Vault maps used:
D:1:      wheals_arrival_shading, minmay_unequal
D:2:      corner_web_ring, uniq_sigmund

Table legend:
 A = Turns spent in this place as a percentage of turns spent in the entire game.
 B = Non-inter-level travel turns spent in this place as a percentage of non-inter-level travel turns spent in the entire game.
 C = Inter-level travel turns spent in this place as a percentage of turns spent in this place.
 D = Turns resting spent in this place as a percentage of non-inter-level travel turns spent in this place.
 E = Turns spent auto-exploring this place as a percentage of non-inter-level travel turns spent in this place.
 F = Non-inter-level travel turns spent in this place divided by the number of levels of this place that you've seen.
                   A       B       C       D       E      F
               +-------+-------+-------+-------+-------+----------------------
         Total | 100.0 | 100.0 |  13.6 |   8.4 |  63.5 | 728.0
       Dungeon | 100.0 | 100.0 |  13.6 |   8.4 |  63.5 | 728.0
               +-------+-------+-------+-------+-------+----------------------

Table legend:
 A = Kills in this place as a percentage of kills in entire the game.
 B = Kills by you in this place as a percentage of kills by you in the entire game.
 C = Kills by friends in this place as a percentage of kills by friends in the entire game.
 D = Other kills in this place as a percentage of other kills in the entire game.
 E = Experience gained in this place as a percentage of experience gained in the entire game.
 F = Experience gained in this place divided by the number of levels of this place that you have seen.
                   A       B       C       D       E      F
               +-------+-------+-------+-------+-------+----------------------
         Total | 100.0 | 100.0 |   N/A |   N/A | 100.0 |  45.0
       Dungeon | 100.0 | 100.0 |   N/A |   N/A | 100.0 |  45.0
               +-------+-------+-------+-------+-------+----------------------
